 Dungeon Crawl Stone Soup version 0.32-a0-900-g30fb1b0edc (webtiles) character file.

Game seed: 12135172673495856623

984 RBrandon the Geomancer (level 7, -6/50 HPs)
             Began as a Mountain Dwarf Earth Elementalist on Apr 5, 2024.
             Was a Follower of Beogh.
             Blown up by Pikel (17 damage)
             ... with a mindburst bolt
             ... on level 6 of the Dungeon.
             The game lasted 00:10:20 (4518 turns).

RBrandon the Geomancer (MDEE)                       Turns: 4518, Time: 00:10:21

Health: -6/50      AC: 12    Str: 11    XL:     7   Next: 97%
Magic:  5/12       EV:  9    Int: 17    God:    Beogh [*.....]
Gold:   448        SH:  0    Dex: 10    Spells: 1/12 levels left

rFire   + . .        w - +3 dagger
rCold   + . .        (no shield)
rNeg    . . .        l - +1 chain mail
rPois   .            q - +2 helmet
rElec   .            s - scarf {rC+ rF+}
rCorr   .            (no gloves)
SInv    .            (no boots)
Will    .....        (no amulet)
Stlth   x              - +5 ring of evasion
HPRegen 0.28/turn    (no ring)
MPRegen 0.13/turn

%: no passive effects
@: on berserk cooldown, invisible
A: runic magic, artefact enchanting
a: Renounce Religion


You were on level 6 of the Dungeon.
You worshipped Beogh.
Beogh was aware of your devotion.
You visited 1 branch of the dungeon, and saw 6 of its levels.

You collected 448 gold pieces.

Inventory:

Hand Weapons
 f - a +0 rapier
 o - a +1 mace of holy wrath
   (You found it on level 3 of the Dungeon)
 w - a +3 dagger (weapon)
Armour
 a - a +0 robe
 l - a +1 chain mail (worn)
 q - a +2 helmet (worn)
 s - a scarf of resistance (worn)
   (You found it on level 4 of the Dungeon)
Jewellery
 x - a +5 ring of evasion (left hand)
 y - a ring of flight
 B - an amulet of guardian spirit
Scrolls
 c - a scroll of poison {unknown}
 k - 3 scrolls of enchant armour
 p - 3 scrolls of identify {unknown}
 r - a scroll of acquirement {unknown}
 v - 2 scrolls of vulnerability {unknown}
 z - a scroll of fear {unknown}
 A - a scroll of torment {unknown}
 C - a scroll of enchant weapon {unknown}
 E - a scroll of revelation {unknown}
 F - a scroll of silence {unknown}
Potions
 b - 2 potions of magic
 g - a potion of heal wounds
 h - a potion of invisibility
 i - a potion of attraction {unknown}
 n - 2 potions of mutation {unknown}
 t - 3 potions of curing
 D - a potion of brilliance {unknown}


   Skills:
 - Level 1.4 Dodging
 - Level 1.4 Stealth
 - Level 3.4 Spellcasting
 + Level 4.4 Conjurations
 - Level 8.1 Earth Magic


You had one spell level left.
You knew the following spells:

 Your Spells              Type           Power      Damage    Failure   Level
a - Sandblast             Erth           60%        2d14      1%          1
b - Passwall              Erth           30%        N/A       4%          3
c - Stone Arrow           Conj/Erth      48%        3d10      9%          3
d - Brom's Barrelling Bo  Conj/Erth      24%        2d5       30%         4

Your spell library contained the following spells:

 Spells                   Type           Power      Damage    Failure   Level
 Magic Dart               Conj           72%        1d6       6%          1
 Sting                    Conj/Alch      40%        1d5       16%         1
 Blink                    Tloc           4%         N/A       52%         2
 Call Imp                 Summ           4%         N/A       52%         2
 Mercury Vapours          Alch/Air       4%         N/A       52%         2
 Petrify                  Alch/Erth      16%        N/A       58%         4
 Olgreb's Toxic Radiance  Alch           2%         N/A       99%         4


Dungeon Overview and Level Annotations

Branches:
Dungeon (6/15)
 Temple: D:4-7

Altars:
Elyvilon
Hepliaklqana
Sif Muna
The Shining One

Annotations:
D:3 Terence
D:4 2 transporters
D:6 Pikel


Innate Abilities, Weirdness & Mutations

Your spellcasting is much less encumbered by armour.
You can use scrolls of enchantment on lesser artefacts.


Message History

Aim: a lemure (heavily wounded, unable to see you, 80% to hit)
The blast of sand hits the lemure!
You kill the lemure!
That felt strangely unrewarding.
You feel yourself speed up.
Pikel hits you with a +1 whip of freezing.
* * * LOW HITPOINT WARNING * * *
Pikel freezes you.
* * * LOW HITPOINT WARNING * * *
Pikel hits you but does no damage.
Aiming: Sandblast (safe; 1% risk of failure)
Press: ? - help, Q - select action, (/) - cycle Shift-Dir - straight line, f - Pikel
Aim: Pikel, wielding a +1 whip of freezing, wearing a +0 robe and carrying a wand of mindburst (moderately wounded, unable to see you, 80% to hit)
The blast of sand hits Pikel!
Pikel is heavily wounded.
Pikel hits you with a +1 whip of freezing.
* * * LOW HITPOINT WARNING * * *
Aiming: Sandblast (safe; 1% risk of failure)
Press: ? - help, Q - select action, (/) - cycle Shift-Dir - straight line, f/p - Pikel
Aim: Pikel, wielding a +1 whip of freezing, wearing a +0 robe and carrying a wand of mindburst (heavily wounded, unable to see you, 80% to hit)
The blast of sand hits Pikel.
Pikel is severely wounded.
Pikel hits you but does no damage. x2
Aiming: Sandblast (safe; 1% risk of failure)
Press: ? - help, Q - select action, (/) - cycle Shift-Dir - straight line, f/p - Pikel
Aim: Pikel, wielding a +1 whip of freezing, wearing a +0 robe and carrying a wand of mindburst (severely wounded, unable to see you, 80% to hit)
The blast of sand hits Pikel!
Pikel is almost dead.
Pikel hits you with a +1 whip of freezing.
* * * LOW HITPOINT WARNING * * *
Pikel freezes you.
* * * LOW HITPOINT WARNING * * *
Aiming: Sandblast (safe; 1% risk of failure)
Press: ? - help, Q - select action, (/) - cycle Shift-Dir - straight line, f/p - Pikel
Aim: Pikel, wielding a +1 whip of freezing, wearing a +0 robe and carrying a wand of mindburst (almost dead, unable to see you, 80% to hit)
The blast of sand hits Pikel.
Pikel is almost dead.
Pikel zaps a wand.
Your mind is blasted!
You die...
Pikel says, "Another soul for the market."

###
#..
#.#
#.#
#.#
#.#
#.#
#@#
#.#
#K#
#5#
#5#
#5#
#.#
#..
###


You could see Pikel (unable to see you) and 3 lemures.

Vanquished Creatures
  Sigmund (D:3)
  Menkaure (D:6)
  A water moccasin (D:5)
  An ogre (D:6)
  A lemure (D:6)
  Blork the orc (D:6)
  A scorpion (D:5)
  A howler monkey (D:5)
  A hound (D:5)
  A jelly (D:5)
  A bombardier beetle (D:5)
  Jessica (D:3)
  An iguana (D:6)
  An orc wizard (D:4)
  Robin (D:2)
  A gnoll (D:6)
  11 adders
  2 dart slugs
  3 ribbon worms (D:3)
  3 orcs
  5 endoplasms
  2 giant cockroaches
  16 goblins
  8 hobgoblins
  7 kobolds
  2 quokkas
  3 ball pythons
  6 bats
  4 frilled lizards
  6 rats
94 creatures vanquished.

Vanquished Creatures (others)
  3 orcs
3 creatures vanquished.

Grand Total: 97 creatures vanquished

Notes
Turn   | Place    | Note
-------+----------+-------------------------------------------
     0 | D:1      | RBrandon the Mountain Dwarf Earth Elementalist began the
                  | quest for the Orb.
     0 | D:1      | Reached XP level 1. HP: 14/14 MP: 3/3
    33 | D:1      | Found a faded altar of an unknown god.
   111 | D:1      | Reached skill level 1 in Conjurations
   292 | D:1      | Reached XP level 2. HP: 10/20 MP: 0/5
   791 | D:2      | Reached skill level 4 in Earth Magic
   791 | D:2      | Reached XP level 3. HP: 26/26 MP: 4/6
  1591 | D:2      | Learned a level 3 spell: Passwall
  1606 | D:3      | Reached XP level 4. HP: 33/33 MP: 4/7
  1610 | D:3      | Learned a level 3 spell: Stone Arrow
  1636 | D:3      | Noticed Sigmund
  1707 | D:3      | Became a worshipper of Beogh the Shepherd
  1750 | D:3      | Noticed Terence
  1805 | D:3      | Reached skill level 5 in Earth Magic
  1995 | D:3      | Noticed Jessica
  2000 | D:3      | Killed Jessica
  2169 | D:3      | Killed Sigmund
  2170 | D:3      | Reached skill level 7 in Earth Magic
  2170 | D:3      | Reached XP level 5. HP: 28/38 MP: 4/8
  2249 | D:3      | Noticed Robin
  2258 | D:3      | Reached XP level 6. HP: 45/45 MP: 5/9
  2300 | D:2      | Killed Robin
  2390 | D:3      | Reached * piety under Beogh
  3029 | D:4      | Found a glowing golden altar of the Shining One.
  3031 | D:4      | Found a hazy altar of Hepliaklqana.
  3032 | D:4      | Found a shimmering blue altar of Sif Muna.
  3046 | D:4      | Found a white marble altar of Elyvilon.
  3094 | D:4      | Found a transporter.
  3140 | D:4      | Found a transporter.
  3273 | D:5      | Entered Level 5 of the Dungeon
  3522 | D:5      | Reached skill level 8 in Earth Magic
  3791 | D:5      | Noticed a water moccasin
  3794 | D:5      | Killed a water moccasin
  3795 | D:5      | Reached XP level 7. HP: 26/50 MP: 7/12
  3909 | D:5      | Learned a level 4 spell: Brom's Barrelling Boulder
  3985 | D:5      | Identified the +3 dagger "Pybilef" {speed, rCorr Str+8
                  | Int-3}
  4314 | D:6      | Noticed Menkaure
  4337 | D:6      | Killed Menkaure
  4455 | D:6      | Noticed Blork the orc
  4490 | D:6      | Killed Blork the orc
  4491 | D:6      | HP: 2/75 [poisoned by a gnoll sergeant]
  4506 | D:6      | Noticed Pikel
  4518 | D:6      | Blown up by Pikel

Illustrated notes

Levels and vault maps discovered:
D:1:      psy_arrival_spokes, layout_rooms, shapermc_ecumenical_altar_venn
D:2:      layout_loops_ring, minivault_5
D:3:      layout_loops_ring, uniq_sigmund, uniq_terence, uniq_jessica,
          uniq_robin
D:4:      gammafunk_wand_slinger, layout_rooms, amcnicky_altar_gilded,
          grunt_temple_overflow_open, serial_glass, glass_columns_a,
          glass_columns_a
D:5:      layout_loops_corners, chequers_jeans, chequers_big_river,
          hangedman_abyss_or_decor_passed, kennysheep_generic_room_3
D:6:      layout_basic, slow_altar_2, mainiacjoe_overflow_tiny_flanked,
          uniq_duvessa, uniq_menkaure, uniq_pikel, uniq_blork_the_orc

Skill      XL: |  1  2  3  4  5  6  7 |
---------------+----------------------+-----
Conjurations   | 1 4 |  4.4
Spellcasting   | 2 3 |  3.4
Earth Magic    | 4 7 8 |  8.1
Dodging        | |  1.4
Stealth        | |  1.4

Action                     |  1- 3 |  4- 6 |  7- 9 || total
---------------------------+-------+-------+-------++-------
  Melee: Rapier            |     8 |     2 |       ||    10
         Dagger            |       |       |    31 ||    31
   Cast: Sandblast         |    46 |    78 |    23 ||   147
 Invoke: Convert to Beogh  |       |     1 |       ||     1
    Use: Potion            |       |       |     8 ||     8
         Scroll            |       |       |     4 ||     4
 Armour: Robe              |     6 |       |       ||     6
         Chain mail        |     4 |    50 |    34 ||    88
         Skin              |       |       |    97 ||    97
  Dodge: Dodged            |    10 |    10 |    31 ||    51

Table legend: (Time is in decaauts)
 A = Elapsed time spent in this place.
 B = Non-inter-level travel time spent in this place.
 C = Inter-level travel time spent in this place.
 D = Time resting spent in this place.
 E = Time spent auto-exploring this place.
 F = Levels seen in this place.
 G = Mean time per level.
                   A        B        C        D        E       F      G
               +--------+--------+--------+--------+--------+-----+--------+
         Total |   4600 |   4427 |    173 |    324 |   3298 |   6 |  766.7 |
       Dungeon |   4600 |   4427 |    173 |    324 |   3298 |   6 |  766.7 |
               +--------+--------+--------+--------+--------+-----+--------+

Top non-repeatable levels by time:
     D:2: 1161 daAuts
     D:3: 1058 daAuts
     D:5: 1048 daAuts
     D:1: 653 daAuts
     D:4: 457 daAuts
     D:6: 221 daAuts

Levels and vault maps discovered:
D:1:      psy_arrival_spokes, layout_rooms, shapermc_ecumenical_altar_venn
D:2:      layout_loops_ring, minivault_5
D:3:      layout_loops_ring, uniq_sigmund, uniq_terence, uniq_jessica,
          uniq_robin
D:4:      gammafunk_wand_slinger, layout_rooms, amcnicky_altar_gilded,
          grunt_temple_overflow_open, serial_glass, glass_columns_a,
          glass_columns_a
D:5:      layout_loops_corners, chequers_jeans, chequers_big_river,
          hangedman_abyss_or_decor_passed, kennysheep_generic_room_3
D:6:      layout_basic, slow_altar_2, mainiacjoe_overflow_tiny_flanked,
          uniq_duvessa, uniq_menkaure, uniq_pikel, uniq_blork_the_orc

Table legend: (Time is in decaauts)
 A = Elapsed time spent in this place.
 B = Non-inter-level travel time spent in this place.
 C = Inter-level travel time spent in this place.
 D = Time resting spent in this place.
 E = Time spent auto-exploring this place.
 F = Levels seen in this place.
 G = Mean time per level.
                   A        B        C        D        E       F      G
               +--------+--------+--------+--------+--------+-----+--------+
         Total |   4600 |   4427 |    173 |    324 |   3298 |   6 |  766.7 |
       Dungeon |   4600 |   4427 |    173 |    324 |   3298 |   6 |  766.7 |
               +--------+--------+--------+--------+--------+-----+--------+

Top non-repeatable levels by time:
     D:2: 1161 daAuts
     D:3: 1058 daAuts
     D:5: 1048 daAuts
     D:1: 653 daAuts
     D:4: 457 daAuts
     D:6: 221 daAuts

Table legend:
 A = Kills in this place as a percentage of kills in the entire game.
 B = Kills by you in this place as a percentage of kills by you in the entire game.
 C = Kills by friends in this place as a percentage of kills by friends in the entire game.
 D = Other kills in this place as a percentage of other kills in the entire game.
 E = Experience gained in this place as a percentage of experience gained in the entire game.
 F = Experience gained in this place divided by the number of levels of this place that you have seen.
                   A       B       C       D       E      F
               +-------+-------+-------+-------+-------+----------------------
         Total | 100.0 | 100.0 |   N/A |   N/A | 100.0 | 234.3
       Dungeon | 100.0 | 100.0 |   N/A |   N/A | 100.0 | 234.3
               +-------+-------+-------+-------+-------+----------------------
